Map: Orbital Shipyard

Players

LaussPompka

  • Race: Terran Terran

Shamanas - Winner!

  • Race: Zerg Zerg

VOD

Have the link to the VOD?

Description

Time

  • Played on: May 1, 2015, 7:52 a.m.
  • Length: 7:45
Show
View Real Time Build Order
Export as new Build Order

LaussPompka Terran 

Build Orders: Cyclone Opening 

Get SALT Encoding   

  12  0:01  SCV  
  13  0:13  SCV  
  14  0:18  Supply Depot  
  14  0:25  SCV  
  15  0:31  Refinery  
  15  0:40  SCV  
  16  0:45  Barracks  
  16  0:52  SCV  
  16  0:55  Refinery  
  17  1:04  SCV  
  18  1:16  SCV  
  19  1:29  SCV  
  20  1:33  Supply Depot, Factory  
  20  1:37  Reaper  
  21  1:48  Orbital Command  
  21  1:56  Supply Depot  
  21  2:09  Reaper  
  22  2:19  Factory Tech Lab  
  22  2:22  SCV  
  23  2:34  SCV  
  24  2:41  Reaper  
  24  2:46  SCV  
  24  2:47  Cyclone  
  28  3:01  Command Center  
  28  3:11  SCV  
  29  3:13  Reaper  
  30  3:23  SCV, Cyclone  
  34  3:31  Supply Depot  
  34  3:35  SCV  
  35  3:43  Factory  
  35  3:48  SCV  
  36  4:00  SCV  
  36  4:02  Supply Depot  
  36  4:03  Cyclone  
  39  4:12  SCV  
  39  4:13  Orbital Command  
  40  4:23  Barracks Tech Lab, Refinery  
  40  4:25  SCV, Refinery  
  40  4:28  Factory Tech Lab  
  40  4:29  Factory  
  41  4:37  SCV  
  42  4:50  SCV x2  
  41  5:02  SCV x2  
  41  5:05  Engineering Bay  
  44  5:14  SCV x2  
  44  5:16  Factory Tech Lab  
  44  5:19  Cyclone  
  44  5:20  Cyclone  
  45  5:26  SCV x2  
  47  5:31  Starport  
  45  5:37  Marine  
  45  5:38  SCV x2  
  48  5:44  Command Center  
  48  5:45  Cyclone  
  51  5:50  SCV x2  
  51  5:55  Supply Depot x2  
  53  5:58  Marine  
  53  6:02  SCV x2  
  56  6:12  Cyclone x2  
  56  6:14  Medivac  
  56  6:15  SCV x2  
  66  6:27  SCV x2  
  66  6:32  Supply Depot  
  68  6:33  Supply Depot  
  68  6:36  Cyclone  
  71  6:44  Command Center  
  71  6:58  Orbital Command  
  71  7:03  Cyclone x2  
Show
View Real Time Build Order
Export as new Build Order

Shamanas Zerg - Winner!

Build Orders: Hatch First 

Get SALT Encoding   

  12  0:01  Drone  
  13  0:09  Drone  
  14  0:20  Overlord  
  14  0:41  Hatchery  
  13  0:44  Drone  
  14  0:53  Drone x2  
  16  1:03  Drone  
  17  1:12  Spawning Pool  
  17  1:14  Drone  
  17  1:25  Drone  
  18  1:28  Overlord  
  18  1:36  Extractor  
  18  1:39  Drone  
  18  1:52  Drone  
  19  1:55  Hatchery, Drone  
  19  2:05  Queen  
  21  2:10  Drone  
  21  2:12  Drone  
  23  2:18  Overlord  
  23  2:25  Drone x2  
  25  2:34  Queen  
  26  2:47  Drone  
  26  2:48  Drone x3  
  30  3:01  Drone x3  
  30  3:04  Metabolic Boost  
  33  3:15  Drone  
  33  3:16  Drone x3  
  39  3:21  Queen  
  39  3:26  Zergling x4  
  41  3:28  Drone  
  41  3:29  Drone x2  
  44  3:37  Roach Warren  
  44  3:38  Drone  
  42  3:50  Zergling x8  
  42  3:51  Zergling x4  
  47  3:56  Drone  
  47  3:57  Drone x2  
  50  4:09  Overlord x2  
  50  4:10  Overlord x2  
  50  4:30  Extractor  
  49  4:33  Extractor x2  
  49  4:37  Drone  
  49  4:38  Drone x16  
  59  5:04  Roach  
  59  5:05  Roach x9  
  79  5:14  Drone  
  79  5:15  Drone x2  
  81  5:52  Extractor  
  81  5:55  Queen  
  82  5:57  Extractor  
  82  5:58  Overlord x3  
  81  6:07  Ravager  
  82  6:11  Overlord x2  
  82  6:12  Overlord  
  82  6:16  Queen  
  84  6:27  Lair  
  84  6:39  Roach  
  86  6:40  Ravager x2  
  86  6:41  Ravager x7  
  95  6:47  Baneling Nest  
  95  6:48  Drone  
  95  6:49  Drone x10  
  105  7:06  Drone x5  
  105  7:07  Drone x5  
  105  7:08  Hatchery  
  105  7:26  Hatchery  
Tags
 
Add a new tag
Caveats
  • Supply blocks, unpowered buildings, or Contaminate may cause inaccurate times.
  • Supply counts are checked every 10 seconds.